Map: Dusty Gorge

Players

PureLegacy

  • Race: Terran Terran
  • League: Master
  • Spawn Location: 9:00

WhyHelloMate

  • Race: Terran Terran
  • Spawn Location: 11:00

ColWombaT

  • Race: Terran Terran
  • League: Master
  • Spawn Location: 3:00

SilencE

  • Race: Terran Terran
  • Spawn Location: 5:00

VOD

Have the link to the VOD?

Description

Time

  • Played on: Dec. 2, 2018, 4:58 p.m.
  • Length: 1:12
Show
View Real Time Build Order
Export as new Build Order

PureLegacy Terran 

Build Orders:  

Get SALT Encoding   

  12  0:00  SCV  
  13  0:13  SCV  
  13  0:25  SCV  
Show
View Real Time Build Order
Export as new Build Order

WhyHelloMate Terran 

Build Orders:  

Get SALT Encoding   

Show
View Real Time Build Order
Export as new Build Order

ColWombaT Terran 

Build Orders:  

Get SALT Encoding   

  12  0:01  SCV  
  13  0:13  SCV  
  14  0:18  Supply Depot  
  14  0:25  SCV  
  15  0:35  Refinery  
  15  0:39  SCV  
  16  0:46  Barracks  
  16  0:51  SCV  
  17  0:58  Refinery  
Show
View Real Time Build Order
Export as new Build Order

SilencE Terran 

Build Orders:  

Get SALT Encoding   

  12  0:00  SCV  
  13  0:13  SCV  
  14  0:18  Supply Depot  
  14  0:25  SCV  
  15  0:40  SCV  
  15  0:41  Barracks  
  16  0:47  Refinery  
  16  0:52  SCV  
Tags
 
Add a new tag
Caveats
  • Supply blocks, unpowered buildings, or Contaminate may cause inaccurate times.
  • Supply counts are checked every 10 seconds.